 Dungeon Crawl Stone Soup version 0.29.1-15-g9cfb28693d (webtiles) character file.

Game seed: 9194878253097673420

2937 DECONJ the Basher (level 9, -5/72 HPs)
             Began as a Demonspawn Gladiator on Mar 27, 2023.
             Was a Believer of Makhleb.
             Slain by a two-headed ogre
             ... wielding a +0 giant club
              (17 damage)
             ... on level 9 of the Dungeon.
             The game lasted 00:11:31 (8536 turns).

DECONJ the Basher (Demonspawn Gladiator)            Turns: 8536, Time: 00:11:32

Health: -5/72      AC: 13    Str: 19    XL:     9   Next: 51%
Magic:  9/9        EV: 12    Int:  9    God:    Makhleb [**....]
Gold:   558        SH:  4    Dex: 15    Spells: 8/8 levels left

rFire   . . .      SeeInvis .   a - +0 flail
rCold   . . .      Faith    .   (no shield)
rNeg    . . .      Spirit   .   w - +0 chain mail
rPois   .          Reflect  .   L - +1 helmet
rElec   .          Harm     .   (no cloak)
rCorr   .          Rampage  .   u - +0 pair of gloves
Will    +....                   (no boots)
Stlth   ..........              v - amulet of magic regeneration
HPRegen 0.22/turn               r - ring of willpower
MPRegen 0.51/turn               s - +4 ring of evasion

@: no status effects
A: large bone plates 1, demonic guardian 1, powered by death 1, demonic touch 1
a: Renounce Religion, Minor Destruction


You were on level 9 of the Dungeon.
You worshipped Makhleb.
Makhleb was pleased with you.
You visited 2 branches of the dungeon, and saw 10 of its levels.

You collected 558 gold pieces.

Inventory:

Hand Weapons
 a - a +0 flail (weapon)
Missiles
 d - 3 throwing nets (quivered)
 e - a javelin
Armour
 k - a +0 plate armour
 u - a +0 pair of gloves (worn)
 w - a +0 chain mail (worn)
 y - a +2 buckler
 L - a +1 helmet (worn)
Jewellery
 r - a ring of willpower (left hand)
 s - a +4 ring of evasion (right hand)
 v - an amulet of magic regeneration (around neck)
 H - a ring of protection from cold
Wands
 C - a wand of charming (14)
 N - a wand of flame (3)
Scrolls
 b - 4 scrolls of magic mapping {unknown}
 f - 3 scrolls of enchant weapon {unknown}
 g - 9 scrolls of identify {unknown}
 i - 2 scrolls of fog {unknown}
 l - 4 scrolls of immolation {unknown}
 m - a scroll of blinking {unknown}
 o - 4 scrolls of enchant armour {unknown}
 q - 5 scrolls of teleportation {unknown}
 t - 4 scrolls of amnesia {unknown}
 z - a scroll of noise {unknown}
 B - 2 scrolls of fear {unknown}
 E - a scroll of silence {unknown}
 J - 2 scrolls of brand weapon {unknown}
 M - a scroll of vulnerability {unknown}
 O - a scroll of torment {unknown}
Potions
 c - 2 potions of resistance {unknown}
 h - 8 potions of curing {unknown}
 j - 2 potions of mutation {unknown}
 n - 2 potions of haste {unknown}
 p - 4 potions of lignification {unknown}
 x - 3 potions of heal wounds {unknown}
 A - 3 potions of ambrosia {unknown}
 D - a potion of flight {unknown}
 F - a potion of magic {unknown}
 G - a potion of brilliance {unknown}
 I - 2 potions of might {unknown}
 K - 2 potions of invisibility {unknown}


   Skills:
 + Level 7.0 Fighting
 * Level 9.2 Maces & Flails
 - Level 1.7 Throwing
 + Level 5.5 Armour
 - Level 2.6 Dodging


You had 8 spell levels left.
You didn't know any spells.
Your spell library contained the following spells:

 Spells                   Type           Power      Damage    Failure   Level
 Freeze                   Ice            0%         1d3       99%         1
 Magic Dart               Conj           0%         1d3       99%         1
 Call Imp                 Summ           0%         N/A       99%         2
 Frozen Ramparts          Ice            0%         1d1       100%        3
 Mephitic Cloud           Conj/Pois/Air  0%         N/A       100%        3
 Hailstorm                Conj/Ice       0%         3d3       100%        4


Dungeon Overview and Level Annotations

Branches:
Dungeon (9/15)             Temple (1/1) D:5
   Lair: D:8-11         Orc: D:9-12

Altars:
Ashenzari
Cheibriados
Dithmenos
Fedhas
Gozag
Hepliaklqana
Kikubaaqudgha
Makhleb
Okawaru
Qazlal
Ru
Sif Muna
Trog
Uskayaw
Vehumet
Wu Jian
Xom
Yredelemnul

Annotations:
Temple 2 transporters


Innate Abilities, Weirdness & Mutations

You are partially covered in large bone plates. (SH +4)
A weak demonic guardian rushes to your aid.
You regenerate a little health from kills.
Your touch may inflict minor irresistible damage on your foes.


Message History

You block the bullfrog's attack.
You closely miss the bullfrog. The orc closely misses you.
The bullfrog barely misses you.
You sock the bullfrog!
The bullfrog is moderately wounded.
The bullfrog hits you but does no damage.
The orc hits you but does no damage.
You closely miss the bullfrog.
The bullfrog is moderately wounded.
You block the bullfrog's attack. The orc barely misses you.
The bullfrog hits you but does no damage.
You barely miss the bullfrog.
You touch the bullfrog!
The bullfrog is severely wounded.
The bullfrog closely misses you. The orc hits you but does no damage.
You hit the bullfrog.
The bullfrog is severely wounded.
The bullfrog hits you but does no damage.
The orc hits you but does no damage.
You barely miss the two-headed ogre.
The bullfrog hits the plant!
The plant begins to die.
The orc hits you but does no damage.
You sock the two-headed ogre!
The two-headed ogre is moderately wounded.
The bullfrog hits the plant!
The orc hits you but does no damage.
The two-headed ogre hits you with a +0 giant club! x2
The bullfrog hits the plant!
You hit the two-headed ogre.
You touch the two-headed ogre!
The two-headed ogre is moderately wounded.
The bullfrog hits the plant!
You block the orc's attack.
You sock the two-headed ogre!
You touch the two-headed ogre.
The two-headed ogre is severely wounded.
The bullfrog hits the plant.
The two-headed ogre hits you with a +0 giant club!!
The two-headed ogre hits you with a +0 giant club!
* * * LOW HITPOINT WARNING * * *
A demonic guardian appears!
The orc hits you but does no damage.
The two-headed ogre attacks as you move away!
The two-headed ogre hits you with a +0 giant club.
* * * LOW HITPOINT WARNING * * *
The two-headed ogre hits you with a +0 giant club!
You die...

'##..
#...#..#......# .
###+##..#......###
.... #..#.........
.....#..#....$....
......P.#.........
.....P..†.........
.................>
.....P.....5......
P...P.PPP.@....?..
.P####.P.PoO......
.. #....PF......
#...P........
#...P........
.P.P.$........
...P...........


PP............. You could see a two-headed ogre (ally target), a bullfrog, an
orc and a friendly white imp (summoned).

Vanquished Creatures
  A wyvern (D:7)
  A wraith (D:5)
  A water moccasin (D:6)
  Duvessa (D:7)
  An ice beast (D:6)
  An orc warrior (D:6)
  3 black bears
  2 centaurs
  A phantom (D:6)
  A kobold brigand (D:7)
  A necrophage (D:6)
  7 bullfrogs
  A scorpion (D:5)
  4 wights (D:9)
  Dowan (D:7)
  A howler monkey (D:8)
  A hound (D:6)
  3 orc priests
  A gnoll bouda (D:7)
  3 jellies
  5 orc wizards
  Ijyb (D:4)
  2 iguanas
  4 gnolls (D:7)
  9 adders
  2 shadow imps (D:7)
  2 white imps (D:6)
  4 ufetubi
  3 worms
  4 dart slugs
  33 orcs
  4 endoplasms
  4 giant cockroaches
  8 goblins
  9 hobgoblins
  4 quokkas (D:1)
  10 ball pythons
  9 bats
  5 frilled lizards
  16 kobolds
  2 rats
176 creatures vanquished.

Vanquished Creatures (others)
  7 fungi (D:9)
  7 plants (D:9)
14 creatures vanquished.

Grand Total: 190 creatures vanquished

Notes
Turn   | Place    | Note
-------+----------+-------------------------------------------
     0 | D:1      | DECONJ the Demonspawn Gladiator began the quest for the
                  | Orb.
     0 | D:1      | Reached XP level 1. HP: 16/16 MP: 1/1
   207 | D:1      | Reached skill level 3 in Maces & Flails
   220 | D:1      | Gained mutation: Your touch may inflict minor irresistible
                  | damage on your foes. [demonic ancestry]
   220 | D:1      | Reached XP level 2. HP: 15/22 MP: 2/2
   343 | D:1      | Found a faded altar of an unknown god.
   986 | D:1      | Reached XP level 3. HP: 28/28 MP: 3/3
  1688 | D:2      | Reached skill level 4 in Maces & Flails
  1688 | D:2      | Reached XP level 4. HP: 34/34 MP: 4/4
  2735 | D:3      | Reached XP level 5. HP: 36/41 MP: 5/5
  3170 | D:4      | Noticed Ijyb
  3184 | D:4      | Killed Ijyb
  3185 | D:4      | Reached skill level 1 in Armour
  3385 | D:4      | Reached skill level 5 in Maces & Flails
  3548 | D:4      | Gained mutation: You regenerate a little health from kills.
                  | [demonic ancestry]
  3548 | D:4      | Reached XP level 6. HP: 48/48 MP: 6/6
  3550 | D:4      | Found a shadowy altar of Dithmenos.
  4010 | D:5      | Entered Level 5 of the Dungeon
  4189 | D:5      | Found a staircase to the Ecumenical Temple.
  4199 | Temple   | Entered the Ecumenical Temple
  4199 | Temple   | Found a transporter.
  4199 | Temple   | Found a transporter.
  4201 | Temple   | Found a transporter.
  4201 | Temple   | Found a transporter.
  4218 | Temple   | Became a worshipper of Makhleb the Destroyer
  4256 | D:5      | Found a shimmering altar of Xom.
  4341 | D:5      | Gained mutation: You are partially covered in large bone
                  | plates. (SH +4) [demonic ancestry]
  4341 | D:5      | Reached XP level 7. HP: 44/55 MP: 7/7
  4652 | D:5      | Found an ornate altar of the Wu Jian Council.
  4678 | D:5      | Noticed a wraith
  4679 | D:5      | Found an iron altar of Okawaru.
  4690 | D:5      | Killed a wraith
  4691 | D:5      | Reached skill level 6 in Maces & Flails
  5045 | D:6      | Reached skill level 5 in Fighting
  5050 | D:6      | Reached XP level 8. HP: 24/62 MP: 8/8
  5329 | D:6      | Reached skill level 7 in Maces & Flails
  6401 | D:7      | Reached * piety under Makhleb
  6481 | D:7      | Reached skill level 8 in Maces & Flails
  6869 | D:7      | Noticed Duvessa
  6869 | D:7      | Noticed Dowan
  7096 | D:7      | Killed Duvessa
  7097 | D:7      | Gained mutation: A weak demonic guardian rushes to your
                  | aid. [demonic ancestry]
  7097 | D:7      | Reached XP level 9. HP: 53/70 MP: 9/9
  7142 | D:7      | Killed Dowan
  7618 | D:8      | Reached skill level 5 in Armour
  8070 | D:8      | Found an ancient bone altar of Kikubaaqudgha.
  8070 | D:8      | Found a sacrificial altar of Ru.
  8404 | D:9      | Reached skill level 9 in Maces & Flails
  8522 | D:9      | Reached ** piety under Makhleb
  8525 | D:9      | Noticed a two-headed ogre
  8536 | D:9      | Slain by a two-headed ogre

Illustrated notes

Levels and vault maps discovered:
D:1:      onia_arrival_mini_maze_b, layout_basic,
          shapermc_ecumenical_altar_venn, chequers_big_river,
          minmay_fountain_box
D:2:      layout_loops_ring
D:3:      layout_basic
D:4:      layout_loops_ring, lemuel_doored_altar, uniq_ijyb
D:5:      layout_loops_ring, nzn_wu_jian_contemplation,
          minmay_temple_entry_drinking_statues, minmay_misc_feat_ornament,
          hangedman_feature_mirror
D:6:      layout_rooms, minmay_puff
D:7:      layout_cave_pools, skrybe_limestone_x, uniq_duvessa
D:8:      layout_cave_pods, gammafunk_temple_overflow_pools
D:9:      layout_grid_maze, mainiacjoe_overflow_alcove_1,
          grunt_lair_entry_orc_guard_hut, serial_shops, nicolae_shop_trees,
          minmay_holes
Temple:   hellmonk_temple_divided_pantheon

Skill      XL: |  1  2  3  4  5  6  7  8  9 |
---------------+----------------------------+-----
Maces & Flails | 3 4 5 6 8 9 |  9.2
Fighting       | 3 4 5 6 7 |  7.0
Armour         | 1 2 3 4 5 |  5.5
Throwing       | |  1.7
Dodging        | |  2.6

Action                   |  1- 3 |  4- 6 |  7- 9 || total
-------------------------+-------+-------+-------++-------
Melee: Flail             |    80 |   177 |   269 ||   526
       Touch             |    14 |    27 |    59 ||   100
       Punch             |       |       |     2 ||     2
 Stab: Sleeping          |     2 |       |       ||     2
Armor: Leather armour    |    22 |     1 |       ||    23
       Scale mail        |       |    56 |    89 ||   145
       Chain mail        |       |       |    39 ||    39
Dodge: Dodged            |    38 |   162 |   193 ||   393
Block: Other             |       |       |    55 ||    55
